 Dungeon Crawl Stone Soup version 0.29.1-15-g9cfb28693d (webtiles) character file.

Game seed: 15164425474641515393

9 redmage the Digger (level 2, -4/20 HPs)
             Began as a Meteoran Earth Elementalist on Sept 14, 2023.
             Slain by an iguana (6 damage)
             ... on level 6 of the Dungeon.
             The game lasted 00:01:33 (153 turns).

redmage the Digger (Meteoran Earth Elementalist)     Turns: 153, Time: 00:01:34

Health: -4/20      AC:  2    Str:  9    XL:     2   Next: 35%
Magic:  0/7        EV: 13    Int: 16    God:
Gold:   16         SH:  0    Dex: 20    Spells: 4/7 levels left

rFire   . . .      SeeInvis .   (no weapon)
rCold   . . .      Faith    .   (no shield)
rNeg    . . .      Spirit   .   a - +0 robe
rPois   .          Reflect  .   (no helmet)
rElec   .          Harm     .   (no cloak)
rCorr   .          Rampage  .   (no gloves)
Will    .....                   (no boots)
Stlth   +.........              (no amulet)
HPRegen 0.06/turn               g - +6 ring of dexterity
MPRegen 0.10/turn               (no ring)

@: glowing
A: sense surroundings 1, otherworldly, glowing, explore regen
a: no special abilities


You were on level 6 of the Dungeon.
You visited 1 branch of the dungeon, and saw 6 of its levels.

You collected 16 gold pieces.

Inventory:

Armour
 a - a +0 robe (worn)
Jewellery
 g - a +6 ring of dexterity (left hand)
Scrolls
 e - a scroll of identify {unknown}
Potions
 b - a potion of magic
 c - a potion of heal wounds {unknown}
 d - 2 potions of lignification {unknown}
 f - a potion of curing {unknown}


   Skills:
 - Level 2.4 Dodging
 - Level 1.4 Stealth
 + Level 3.2 Spellcasting
 - Level 1.2 Transmutations
 + Level 4.0 Earth Magic


You had 4 spell levels left.
You knew the following spells:

 Your Spells              Type           Power      Damage    Failure   Level
a - Sandblast             Erth           30%        2d9       3%          1
b - Passwall              Tmut/Erth      8%         N/A       10%         2

Your spell library contained the following spells:

 Spells                   Type           Power      Damage    Failure   Level
 Stone Arrow              Conj/Erth      18%        3d8       24%         3
 Petrify                  Tmut/Erth      10%        N/A       52%         4


Dungeon Overview and Level Annotations

Branches:
Dungeon (6/15) Zot: 3437
 Temple: D:4-7

Altars:


Innate Abilities, Weirdness & Mutations

You passively map a small area around you.
You are easily found by Zot.
You glow in the dark.
You regain HP and MP as you explore.


Message History

Aim: an iguana (lightly wounded, 84% to hit)
The blast of sand hits the iguana.
The iguana is lightly wounded.
The iguana bites you. x2
Unknown command.
Casting: Sandblast (safe; 3% risk of failure)
Confirm with . or Enter, or press ? or * to list all spells.
Aiming: Sandblast (safe; 3% risk of failure)
Press: ? - help, Shift-Dir - straight line, f/p - iguana
Aim: an iguana (lightly wounded, 84% to hit)
The blast of sand misses the iguana.
The iguana closely misses you.
Unknown command.
Casting: Sandblast (safe; 3% risk of failure)
Confirm with . or Enter, or press ? or * to list all spells.
Aiming: Sandblast (safe; 3% risk of failure)
Press: ? - help, Shift-Dir - straight line, f/p - iguana
Aim: an iguana (lightly wounded, 84% to hit)
The blast of sand hits the iguana but does no damage.
The iguana is lightly wounded.
The iguana bites you.
* * * LOW HITPOINT WARNING * * *
The iguana closely misses you.
Casting: Sandblast (safe; 3% risk of failure)
Confirm with . or Enter, or press ? or * to list all spells.
Aiming: Sandblast (safe; 3% risk of failure)
Press: ? - help, Shift-Dir - straight line, f/p - iguana
Aim: an iguana (lightly wounded, 84% to hit)
The blast of sand hits the iguana but does no damage.
The iguana is lightly wounded.
The iguana barely misses you.
Unknown command.
Casting: Sandblast (safe; 3% risk of failure)
Confirm with . or Enter, or press ? or * to list all spells.
Aiming: Sandblast (safe; 3% risk of failure)
Press: ? - help, Shift-Dir - straight line, f/p - iguana
Aim: an iguana (lightly wounded, 84% to hit)
The blast of sand hits the iguana!
The iguana is almost dead.
The iguana barely misses you. The iguana bites you.
You die...

* ..# #.# *
, * #.# , *
#.# , * #.#
#.# *
#####.#####
*
#....@l...#
* *
#.###.###.#
* *#.# *, *
,,..# * *,
### * * , *
, , , , ,
,, , , , *


You could see an iguana.

Vanquished Creatures
  A dart slug (D:1)
  3 hobgoblins
  A kobold (D:4)
  A rat (D:3)
6 creatures vanquished.

Notes
Turn   | Place    | Note
-------+----------+-------------------------------------------
     0 | D:1      | redmage the Meteoran Earth Elementalist began the quest for
                  | the Orb.
     0 | D:1      | Reached XP level 1. HP: 14/14 MP: 5/5
    14 | D:1      | Found a faded altar of an unknown god.
    51 | D:1      | Reached XP level 2. HP: 15/20 MP: 4/7
   100 | D:3      | Learned a level 2 spell: Passwall
   108 | D:4      | Reached skill level 4 in Earth Magic
   130 | D:5      | Entered Level 5 of the Dungeon
   153 | D:6      | Slain by an iguana

Illustrated notes

Levels and vault maps discovered:
D:1:      mrwooster_arrival_statue_2, layout_loops_corners,
          chequers_ecumenical_altar_island, serial_shops,
          nicolae_shop_temple_entry_statues_fountains, minmay_gold_behind_fungi
D:2:      layout_basic, basic_altar, nicolae_elevator_lobby_asterisk
D:3:      layout_basic, cheibrodos_sewer_entry_sluice, kennysheep_orc_chapel
D:4:      layout_rooms, fedhas_ov_isle_minmay, gammafunk_ghost_abyssal_escape,
          chequers_arboretum
D:5:      layout_basic, minmay_temple_entry_butterflies
D:6:      layout_loops_corners, serial_park_tiny_pond, minmay_between

Skill      XL: |  1  2 |
---------------+-------+-----
Spellcasting   | 3 |  3.2
Earth Magic    | 4 |  4.0
Dodging        | |  2.4
Stealth        | |  1.4
Transmutations | |  1.2

Action                   || total
-------------------------++-------
 Cast: Sandblast         ||    19
Armor: Robe              ||     1
Dodge: Dodged            ||     5
